 Dungeon Crawl Stone Soup version 0.29.1-13-g9f3cf754e1 (webtiles) character file.

Game seed: 3301494904187062831

48 SilverX5502 the Covered (level 3, -2/33 HPs)
             Began as a Minotaur Fighter on Feb 10, 2023.
             Slain by a gnoll
             ... wielding a +0 club
             ... led by a gnoll bouda
              (5 damage)
             ... on level 4 of the Dungeon.
             The game lasted 00:04:23 (1655 turns).

SilverX5502 the Covered (Minotaur Fighter)          Turns: 1655, Time: 00:04:24

Health: -2/33      AC:  9    Str: 22    XL:     3   Next: 50%
Magic:  2/2        EV:  7    Int:  5    God:
Gold:   76         SH:  4    Dex:  9    Spells: 2/2 levels left

rFire   . . .      SeeInvis .   a - +0 war axe
rCold   . . .      Faith    .   c - +0 buckler
rNeg    . . .      Spirit   .   j - +0 chain mail
rPois   .          Reflect  .   (helmet restricted)
rElec   .          Harm     .   (no cloak)
rCorr   .          Rampage  .   (no gloves)
Will    .....                   (no boots)
Stlth   ..........              (no amulet)
HPRegen 0.11/turn               (no ring)
MPRegen 0.08/turn               (no ring)

@: no status effects
A: horns 2, retaliatory headbutt
a: no special abilities


You were on level 4 of the Dungeon.
You visited 1 branch of the dungeon, and saw 4 of its levels.

You collected 76 gold pieces.

Inventory:

Hand Weapons
 a - a +0 war axe (weapon)
Missiles
 e - 25 stones (quivered)
 f - 2 boomerangs
Armour
 c - a +0 buckler (worn)
 j - a +0 chain mail (worn)
Scrolls
 b - 4 scrolls of identify {unknown}
 g - a scroll of immolation {unknown}
 h - a scroll of fog {unknown}
 k - a scroll of noise {unknown}
 l - a scroll of blinking {unknown}
 m - a scroll of fear {unknown}
 n - a scroll of teleportation {unknown}
Potions
 d - a potion of might
 i - a potion of attraction {unknown}


   Skills:
 + Level 4.1 Fighting
 * Level 3.4 Axes
 + Level 4.1 Armour
 + Level 4.1 Shields


You had 2 spell levels left.
You didn't know any spells.
Your spell library contained the following spells:

 Spells                   Type           Power      Damage    Failure   Level
 Foxfire                  Conj/Fire      0%         2x1d4     99%         1
 Conjure Flame            Conj/Fire      0%         6-21      100%        3
 Inner Flame              Hex/Fire       0%         N/A       100%        3
 Flame Wave               Conj/Fire      0%         2d4       100%        4


Dungeon Overview and Level Annotations

Branches:
Dungeon (4/15)
 Temple: D:4-7

Altars:

Shops:
D:1 (   D:4 !

Annotations:
D:4 Natasha


Innate Abilities, Weirdness & Mutations

You have a pair of horns on your head.
You reflexively headbutt those who attack you in melee.


Message History

The ball python constricts you.
Press: ? - help, v - describe, . - travel
Here: an adder (heavily wounded)
The floor.
You closely miss the water moccasin.
The water moccasin is severely wounded.
You closely miss the ball python.
The water moccasin bites you but does no damage.
The ball python barely misses you. The ball python constricts you.
The water moccasin bites you but does no damage.
Natasha casts a spell.
You closely miss the water moccasin.
The water moccasin is severely wounded.
You hit the ball python but do no damage.
The ball python barely misses you. You furiously retaliate!
You headbutt the ball python!
You kill the ball python!
The water moccasin bites you.
A ball python comes into view.
A gnoll bouda comes into view. It is wielding a +0 club.
The water moccasin barely misses you. You furiously retaliate!
You headbutt the water moccasin.
The howler monkey hoots and howls with incredible vigour!
You hear a shout! x2
The gnoll bouda shouts!
You hit the water moccasin.
The water moccasin is severely wounded.
You barely miss the gnoll.
The water moccasin bites you but does no damage.
The gnoll hits you with a +0 club.
The orc priest invokes the aid of Beogh against you.
Beogh smites you!
* * * LOW HITPOINT WARNING * * *
A gnoll comes into view. It is wielding a +0 whip.
The gnoll bouda barks out a call to the hunt!
The gnolls pick up the pace!
The water moccasin bites you but does no damage.
An endoplasm comes into view.
The gnoll hits you with a +0 club.
You die...

.J . g## ... #.# .
#.# ... #g# ...## #@#
#...##S#
.###...oKS######
...##.#oho....#
#..#.#hoo....# ..
#....oo5....# #..#
##....S....... #...
####.........##
#...####............#


You could see a water moccasin, a gnoll bouda, a howler monkey, an iron imp
(summoned), 2 orc priests, Natasha, a gnoll (swift), an adder, 4 orcs, an
endoplasm, a ball python and a kobold.

Vanquished Creatures
  2 worms (D:2)
  3 dart slugs (D:1)
  3 orcs
  3 endoplasms
  A giant cockroach (D:2)
  3 goblins
  A hobgoblin (D:1)
  3 jackals (D:1)
  2 kobolds
  4 ball pythons
  2 bats (D:1)
  2 frilled lizards (D:1)
  2 rats
31 creatures vanquished.

Notes
Turn   | Place    | Note
-------+----------+-------------------------------------------
     0 | D:1      | SilverX5502 the Minotaur Fighter began the quest for the
                  | Orb.
     0 | D:1      | Reached XP level 1. HP: 19/19 MP: 0/0
   133 | D:1      | Reached XP level 2. HP: 20/27 MP: 1/1
   260 | D:1      | Found Xiank's Antique Weapon Emporium.
   281 | D:1      | Found a faded altar of an unknown god.
   734 | D:3      | Reached XP level 3. HP: 19/33 MP: 2/2
  1611 | D:4      | Found Rotot's Distillery.
  1638 | D:4      | Noticed a water moccasin
  1647 | D:4      | Noticed Natasha
  1655 | D:4      | Slain by a gnoll

Illustrated notes

Levels and vault maps discovered:
D:1:      dpeg_arrival_pits, layout_loops_ring, serial_shops, shop,
          hellmonk_ecumenical_altar_heavens_door, kennysheep_boxes
D:2:      layout_loops_ring, grunt_ministairs_11
D:3:      layout_basic, nicolae_overflow_crystal_walls,
          ebering_ghost_reflecting_pool, uniq_grinder
D:4:      layout_rooms, minmay_temple_entry_large_hall, serial_shops,
          nicolae_stop_n_shop_1, cheibrodos_sewer_entry_bend, uniq_ijyb,
          uniq_crazy_yiuf_cottage, uniq_natasha, uniq_eustachio,
          uniq_blork_the_orc

Skill      XL: |  1  2 |
---------------+-------+-----
Axes           | 3 |  3.4
Fighting       | 4 |  4.1
Armour         | 4 |  4.1
Shields        | 4 |  4.1

Action                   || total
-------------------------++-------
Melee: War axe           ||    76
       Headbutt          ||     8
Armor: Scale mail        ||    35
       Chain mail        ||    25
Dodge: Dodged            ||    45
Block: Buckler           ||    28
